 Dungeon Crawl Stone Soup version 0.28.0-53-g5a82cb258f (webtiles) character file.

Game seed: 10843561683958043019

123 Kranky the Skirmisher (level 5, -5/39 HPs)
             Began as an Octopode Fighter on June 20, 2022.
             Slain by a shadow imp (6 damage)
             ... summoned by Eustachio
             ... on level 4 of the Dungeon.
             The game lasted 00:03:22 (3103 turns).

Kranky the Skirmisher (Octopode Fighter)            Turns: 3103, Time: 00:03:22

Health: -5/39      AC:  1    Str: 16    XL:     5   Next: 7%
Magic:  5/5        EV: 13    Int: 10    God:
Gold:   102        SH:  4    Dex: 13    Spells: 4/4 levels left

rFire   . . .      SeeInvis .   a - +0 flail
rCold   . . .      Faith    .   b - +0 buckler
rNeg    . . .      Spirit   .   (helmet restricted)
rPois   .          Reflect  .   (no amulet)
rElec   .          Harm     .   (no ring)
rCorr   .          Rampage  .   (no ring)
Will    .....                   (no ring)
Stlth   +++.......              (no ring)
HPRegen 0.13/turn               (no ring)
MPRegen 0.09/turn               (no ring)
                                (no ring)
                                (no ring)

@: no status effects
A: almost no armour, amphibious, 8 rings, camouflage 1, gelatinous body 1,
(nimble swimmer 1), tentacles
a: no special abilities


You were on level 4 of the Dungeon.
You visited 1 branch of the dungeon, and saw 4 of its levels.

You collected 102 gold pieces.

Inventory:

Hand Weapons
 a - a +0 flail (weapon)
Armour
 b - a +0 buckler (worn)
Jewellery
 g - a ring of ice
Scrolls
 d - a scroll of immolation {unknown}
 e - 2 scrolls of enchant weapon {unknown}
 j - 2 scrolls of identify {unknown}
 k - a scroll of acquirement {unknown}
 l - a scroll of brand weapon {unknown}
 m - a scroll of vulnerability {unknown}
Potions
 c - a potion of might
 f - a potion of brilliance
 h - a potion of curing {unknown}
 i - a potion of heal wounds {unknown}


   Skills:
 + Level 5.1 Fighting
 - Level 2.0 Maces & Flails
 - Level 3.0 Dodging
 - Level 3.0 Stealth
 - Level 3.0 Shields


You had 4 spell levels left.
You didn't know any spells.
Your spell library contained the following spells:

 Spells                   Type           Power      Damage    Failure   Level
 Beastly Appendage        Tmut           0%         N/A       45%         1
 Blink                    Tloc           0%         N/A       58%         2
 Corpse Rot               Necr/Air       0%         N/A       58%         2
 Wereblood                Tmut           0%         N/A       58%         2
 Lesser Beckoning         Tloc           0%         N/A       83%         3
 Spider Form              Tmut/Pois      0%         N/A       83%         3
 Tukima's Dance           Hex            0%         N/A       83%         3
 Anguish                  Hex/Necr       0%         N/A       99%         4
 Dispel Undead            Necr           0%         3d6       99%         4
 Manifold Assault         Tloc           0%         N/A       100%        5
 Death Channel            Necr           0%         N/A       100%        6
 Enfeeble                 Hex            0%         N/A       100%        7


Dungeon Overview and Level Annotations

Branches:
Dungeon (4/15)
 Temple: D:4-7

Altars:

Annotations:
D:2 Sigmund
D:4 Eustachio


Innate Abilities, Weirdness & Mutations

You cannot wear most types of armour.
You are amphibious.
You can wear up to eight rings at the same time.
Your skin changes colour to match your surroundings (Stealth+).
Your rubbery body absorbs attacks. (AC +1, EV +1)
((You are camouflaged when in or above water. (Stealth+)))
You have tentacles for arms and can constrict up to eight enemies at once.


Message History

Your Fighting skill increases to level 5!
You have reached level 5!
You feel stronger.
HP restored.
You now have 102 gold pieces (gained 12).
m - a scroll labelled VEHANTUGIO You see here a +0 ring mail.
An endoplasm comes into view.
Eustachio the Magnificent comes into view.
He is wielding a +0 rapier.
Found 14 gold pieces.
Unknown command.
The endoplasm quivers.
The endoplasm freezes you.
You are frozen.
You hit the endoplasm. You squeeze the endoplasm.
You kill the endoplasm!
Eustachio shouts!
Eustachio gestures wildly while chanting.
You barely miss Eustachio. Your grab misses Eustachio.
Eustachio screams, "This atrocity can only be purified with blood!"
Eustachio hits you with a +0 rapier.
You barely miss Eustachio. Your grab misses Eustachio.
Eustachio hits you with a +0 rapier! The ufetubus closely misses you.
The ufetubus hits you. Eustachio hits you with a +0 rapier!
* * * LOW HITPOINT WARNING * * *
You hit Eustachio. You grab Eustachio. You tentacle-slap Eustachio.
Eustachio is lightly wounded.
You constrict Eustachio, but do no damage.
The ufetubus misses you. You block the ufetubus's attack.
The shadow imp misses you. The crimson imp closely misses you.
Eustachio hits you with a +0 rapier!
* * * LOW HITPOINT WARNING * * *
You block the ufetubus's attack. The ufetubus closely misses you.
The shadow imp completely misses you.
You hit Eustachio.
Eustachio is moderately wounded.
You constrict Eustachio. The crimson imp barely misses you.
You block the ufetubus's attack. The ufetubus barely misses you.
Eustachio barely misses you. The shadow imp hits you.
You die...

.# .# .###
###...#
#.....#
##.5...#
#.@@...#
##55....#
#.......#
#.......##
#........#
#........#
#.........##
#....$..#..#
#.......##.##


You could see Eustachio, a crimson imp (summoned), a shadow imp (summoned) and
an ufetubus (summoned).

Vanquished Creatures
  Natasha (D:4)
  An orc wizard (D:3)
  2 adders
  2 worms
  3 dart slugs
  4 orcs (D:3)
  3 endoplasms
  A giant cockroach (D:2)
  3 hobgoblins (D:1)
  A quokka (D:1)
  4 ball pythons
  5 bats
  3 frilled lizards (D:2)
  3 goblins (D:1)
  4 kobolds
  4 rats
44 creatures vanquished.

Vanquished Creatures (others)
  4 toadstools (D:1)
4 creatures vanquished.

Grand Total: 48 creatures vanquished

Notes
Turn   | Place    | Note
-------+----------+-------------------------------------------
     0 | D:1      | Kranky the Octopode Fighter began the quest for the Orb.
     0 | D:1      | Reached XP level 1. HP: 16/16 MP: 1/1
   112 | D:1      | Reached skill level 1 in Stealth
   125 | D:1      | Reached XP level 2. HP: 20/21 MP: 2/2
   249 | D:1      | Found a faded altar of an unknown god.
   568 | D:2      | Reached XP level 3. HP: 17/27 MP: 3/3
   930 | D:2      | Noticed Sigmund
  1833 | D:3      | Reached skill level 4 in Fighting
  1840 | D:3      | Reached XP level 4. HP: 13/34 MP: 4/4
  2962 | D:4      | Noticed Natasha
  2971 | D:4      | Killed Natasha
  2972 | D:4      | Reached skill level 5 in Fighting
  2972 | D:4      | Reached XP level 5. HP: 28/39 MP: 5/5
  3084 | D:4      | Noticed Eustachio
  3102 | D:4      | HP: 1/39 [Eustachio/+0 rapier (10)]
  3103 | D:4      | Slain by a shadow imp

Illustrated notes

Levels and vault maps discovered:
D:1:      ldierk_water_garden, layout_rooms, dilly_ecumenical_altar_fadedgnrine,
          minmay_bisected
D:2:      layout_loops_corners, uniq_sigmund
D:3:      layout_basic
D:4:      layout_cave_pods, mainiacjoe_overflow_large_starburst, uniq_menkaure,
          uniq_eustachio, uniq_natasha

Skill      XL: |  1  2  3  4 |
---------------+-------------+-----
Stealth        | 1 2 3 |  3.0
Fighting       | 4 5 |  5.1
Maces & Flails | |  2.0
Dodging        | |  3.0
Shields        | |  3.0

Action                   |  1- 3 |  4- 6 || total
-------------------------+-------+-------++-------
Melee: Flail             |    59 |    26 ||    85
       Constrict         |    14 |     6 ||    20
       Tentacles         |    10 |     2 ||    12
       Punch             |       |     2 ||     2
 Stab: Sleeping          |     8 |     4 ||    12
Armor: Skin              |     5 |       ||     5
Dodge: Dodged            |    36 |    24 ||    60
Block: Buckler           |    12 |     4 ||    16
